 Dungeon Crawl Stone Soup version 0.21.1-1-g345015fe64 (webtiles) character file.

171 Htamos the Cudgeler (level 5, -5/32 HPs)
             Began as a Gargoyle Berserker on July 10, 2018.
             Was a Believer of Trog.
             Killed by divine providence
             ... invoked by an orc priest
              (13 damage)
             ... on level 3 of the Dungeon.
             The game lasted 00:06:43 (2818 turns).

Htamos the Cudgeler (Gargoyle Berserker)            Turns: 2818, Time: 00:06:43

Health: -5/32      AC: 15    Str: 21    XL:     5   Next: 51%
Magic:  5/5        EV:  8    Int: 10    God:    Trog [**....]
Gold:   79         SH:  0    Dex: 10    Spells: 4/4 levels left

rFire    . . .     SeeInvis .   a - +0 mace
rCold    . . .     Gourm    .   (no shield)
rNeg     + . .     Faith    .   j - +0 chain mail
rPois    ∞         Spirit   .   n - +2 helmet {Int+3}
rElec    +         Reflect  .   (no cloak)
rCorr    .         Harm     .   (no gloves)
MR       .....                  (no boots)
Stlth    ..........             (no amulet)
HPRegen  0.10/turn              (no ring)
MPRegen  0.09/turn              (no ring)

@: starving
A: negative energy resistance 1, electricity resistance, unbreathing,
petrification resistance, rot immunity, AC +4
a: Berserk, Trog's Hand, Burn Spellbooks, Renounce Religion


You were on level 3 of the Dungeon.
You worshipped Trog.
Trog was pleased with you.
You were starving.

You visited 1 branch of the dungeon, and saw 4 of its levels.

You collected 79 gold pieces.

Inventory:

Hand Weapons
 a - a +0 mace (weapon)
 f - a +0 dagger of venom
Missiles
 h - 5 exploding tomahawks (quivered)
 i - 103 stones
Armour
 j - a +0 chain mail (worn)
 n - a +2 helmet of intelligence (worn)
Jewellery
 b - an uncursed ring of protection from fire {unknown}
 d - a cursed ring of teleportation {unknown}
Scrolls
 e - 3 scrolls of fear {unknown}
 g - 2 scrolls of remove curse {unknown}
 o - a scroll of enchant weapon {unknown}
Potions
 k - a potion of might {unknown}
 l - a potion of ambrosia {unknown}
 m - 2 potions of agility {unknown}
 q - 2 potions of curing {unknown}
Comestibles
 c - 3 rations


   Skills:
 - Level 3.2 Fighting
 + Level 6.0 Maces & Flails
 - Level 2.1 Armour
 - Level 1.5 Dodging


You had 4 spell levels left.
You didn't know any spells.

Dungeon Overview and Level Annotations

Branches:
Dungeon (4/15)
 Temple: D:4-7

Altars:

Annotations:
D:4 letownia's ghost, amateur DsGl


Innate Abilities, Weirdness & Mutations

You are resistant to torment.
Your stone body is resilient. (AC +4)
You are immune to poison.
You resist negative energy. (rN+)
You are resistant to electric shocks. (rElec)
You can survive without breathing.
You are immune to petrification.
You are immune to rotting.


Message History

* * * LOW HITPOINT WARNING * * *
The orc priest barely misses you.
You closely miss the orc priest. The orc closely misses you.
The orc priest hits you but does no damage. x2
You hit the orc priest.
The orc priest is lightly wounded.
The orc priest hits you but does no damage.
The orc hits you but does no damage.
The orc priest hits you but does no damage.
You hit the orc priest but do no damage.
The orc priest is lightly wounded.
The orc priest hits you.
* * * LOW HITPOINT WARNING * * *
The orc priest miscasts a cantrip.
The orc hits you but does no damage.
You sock the orc priest!
The orc priest is heavily wounded.
The orc priest mumbles some strange prayers to Beogh against you.
Beogh smites you!
You die...

##............#......## #.#
##....................# #.#
....##########.#......# #.#
##..# #.#......#####.#### ##.†#
#.###.##..........# #..#
##.###..........##.#
#..#########...##############.#
#.).>.........o.# #########.##
##†..########..o@# #....)..<...
.....# ##.#o# #.#######.##
.....# #.#.# #.# #.## .###.#
##.#.# #.# #..# .# .# #.o#.#
#.# ##.# .# .# #o##.#####.# #.#
.# .# #.##.......## ##.# .# .#
#.###.......# #... ## #.#
#.#####.# #...


You could see 2 orc priests and an orc.

Vanquished Creatures
  The ghost of cosh the Skirmisher, a weakling HuAK of Lugonu (D:3)
  4 adders
  An ooze (D:3)
  3 worms
  5 dart slugs
  2 leopard geckos
  5 orcs (D:3)
  11 bats
  2 giant cockroaches
  6 hobgoblins
  6 kobolds
  A quokka (D:3)
  4 frilled lizards
  8 goblins
  7 rats
66 creatures vanquished.

Notes
Turn   | Place    | Note
-------+----------+-------------------------------------------
     0 | D:1      | Htamos the Gargoyle Berserker began the quest for the Orb.
     0 | D:1      | Reached XP level 1. HP: 14/14 MP: 1/1
    96 | D:1      | Reached XP level 2. HP: 9/19 MP: 2/2
   489 | D:1      | Reached skill level 4 in Maces & Flails
   794 | D:2      | Reached XP level 3. HP: 23/23 MP: 3/3
   881 | D:2      | Reached ** piety under Trog
  1299 | D:2      | Reached XP level 4. HP: 27/28 MP: 4/4
  1836 | D:3      | Reached skill level 5 in Maces & Flails
  2169 | D:3      | Noticed cosh's ghost (weakling HuAK)
  2512 | D:3      | Reached *** piety under Trog
  2512 | D:3      | Reached XP level 5. HP: 32/32 MP: 5/5
  2744 | D:3      | Killed cosh's ghost
  2744 | D:3      | Reached skill level 6 in Maces & Flails
  2764 | D:3      | HP: 1/32 [orc priest/divine providence (12)]
  2771 | D:4      | Noticed letownia's ghost (amateur DsGl)
  2818 | D:3      | Killed from afar by an orc priest

Skill      XL: |  1  2  3  4  5 |
---------------+----------------+-----
Maces & Flails | 4 5 6 |  6.0
Fighting       | |  3.2
Armour         | |  2.1
Dodging        | |  1.5

Action                   |  1- 3 |  4- 6 || total
-------------------------+-------+-------++-------
Melee: Mace              |    30 |    67 ||    97
       Dagger            |    65 |   119 ||   184
Invok: Trog's Hand       |       |     2 ||     2
       Berserk           |       |     1 ||     1
  Eat: Chunk             |     1 |     5 ||     6
Armor: Animal skin       |    15 |       ||    15
       Ring mail         |    31 |       ||    31
       Chain mail        |     9 |   126 ||   135
Dodge: Dodged            |    68 |    82 ||   150
